 Dungeon Crawl Stone Soup version 0.18-a0-1789-gbeff17f (webtiles) character file.

253 macross the Chopper (level 5, 0/39 HPs)
             Began as a Demonspawn Gladiator on Apr 21, 2016.
             Slain by an orc wizard
             ... wielding a +0 dagger
              (1 damage)
             ... on level 5 of the Dungeon.
             The game lasted 00:20:15 (2636 turns).

macross the Chopper (Demonspawn Gladiator)          Turns: 2636, Time: 00:20:16

Health: 0/39       AC:  4    Str: 16    XL:     5   Next: 90%
Magic:  5/5        EV: 15    Int:  9    God:
Gold:   173        SH:  0    Dex: 14    Spells: 0 memorised, 4 levels left

rFire  . . .     SeeInvis .     a - +2 war axe
rCold  . . .     Gourm    .     v - +0 leather armour
rNeg   . . .     Faith    .     (no shield)
rPois  .         Spirit   .     c - +0 helmet
rElec  .         Dismiss  .     (no cloak)
rCorr  .         Reflect  .     (no gloves)
SustAt .         Harm     .     (no boots)
MR     .....     Rnd*Tele +     (no amulet)
Stlth  +++.......               (no ring)
                                m - ring of teleportation (curse)

@: not resistant to hostile enchantments, fairly stealthy
A: repulsion field 1, nightstalker 1
a: no special abilities


You were on level 5 of the Dungeon.
You were very full.

You visited 1 branch of the dungeon, and saw 5 of its levels.

You collected 173 gold pieces.

Inventory:

Hand Weapons
 a - a +2 war axe (weapon)
 p - a +0 war axe
 u - a +0 flail
Missiles
 d - 3 throwing nets (quivered)
Armour
 c - a +0 helmet (worn)
 j - a +0 ring mail
 k - a +0 ring mail
 v - a +0 leather armour (worn)
Jewellery
 m - a cursed ring of teleportation (left hand)
Wands
 s - a wand of confusion (37/48)
Scrolls
 g - a scroll of immolation {unknown}
 h - 2 scrolls of amnesia
 i - 2 scrolls of recharging
 n - a scroll of noise
 x - a scroll of identify
Potions
 b - a potion of cure mutation {unknown}
 e - a potion of magic
 o - a potion of invisibility
 q - a potion of flight
 t - a potion of mutation
Comestibles
 f - 3 bread rations
 l - 2 slices of pizza
 r - a meat ration
 w - a royal jelly


   Skills:
 + Level 2.7 Fighting
 * Level 4.5 Axes
 - Level 2.0 Throwing
 + Level 1.4 Armour
 + Level 3.6 Dodging
 + Level 1.2 Stealth


You had 4 spell levels left.
You didn't know any spells.

Dungeon Overview and Level Annotations

Branches:
Dungeon (5/15)
 Temple: D:4-7

Altars:


Innate Abilities, Weirdness & Mutations

You are surrounded by a mild repulsion field (EV +2).
You are slightly more attuned to the shadows.


Message History

You start resting.
Something hits you but does no damage. Something barely misses you.
Something hits you.
* * * LOW HITPOINT WARNING * * *
You are too injured to fight recklessly!
You are too injured to fight recklessly!
You are too injured to fight recklessly!
You are too injured to fight recklessly!
You are too injured to fight recklessly!
You are too injured to fight recklessly!
You are too injured to fight recklessly!
You are too injured to fight recklessly!
You are too injured to fight recklessly!
You are too injured to fight recklessly!
An orc wizard appears from thin air!
Reactivating autopickup.
The orc wizard hits you with a dagger.
* * * LOW HITPOINT WARNING * * *
You closely miss the orc wizard. The orc wizard hits you with a dagger.
You die...

## .. #.
###.###
+.....
..##...#
......<#
.....#o#
..## #@#
#.# #.#
#.# #.#
#.. #.#
...


You could see an orc wizard.

Vanquished Creatures
  A howler monkey (D:4)
  2 orc wizards (D:4)
  A worker ant (D:4)
  4 adders
  2 oozes (D:3)
  3 adder skeletons (D:4)
  2 worms
  3 dart slugs
  3 giant geckos
  4 orcs
  A ball python (D:2)
  4 giant cockroaches
  10 goblins
  8 hobgoblins
  3 jackals (D:4)
  2 bats
  A giant gecko skeleton (D:4)
  2 giant newts
  8 kobolds
  4 rats
68 creatures vanquished.

Notes
Turn   | Place    | Note
--------------------------------------------------------------
     0 | D:1      | macross the Demonspawn Gladiator began the quest for the Orb.
     0 | D:1      | Reached XP level 1. HP: 16/16 MP: 1/1
   120 | D:1      | Gained mutation: You are surrounded by a mild repulsion field (EV +2). [demonic ancestry]
   120 | D:1      | Reached XP level 2. HP: 16/22 MP: 2/2
   221 | D:1      | Reached skill level 3 in Axes
   900 | D:2      | Reached XP level 3. HP: 22/27 MP: 3/3
  1495 | D:3      | Reached XP level 4. HP: 15/34 MP: 4/4
  1838 | D:3      | Reached skill level 1 in Armour
  2032 | D:4      | Reached skill level 4 in Axes
  2215 | D:4      | Gained mutation: You are slightly more attuned to the shadows. [demonic ancestry]
  2215 | D:4      | Reached XP level 5. HP: 34/39 MP: 5/5
  2435 | D:4      | Reached skill level 1 in Stealth
  2629 | D:5      | Entered Level 5 of the Dungeon
  2635 | D:5      | HP: 1/39 [orc wizard/dagger (2)]
  2636 | D:5      | Slain by an orc wizard

Vault maps used:
D:1:      erik_arrival_cave_to_civilisation, amethyst_killhole
D:2:      first_bread, glass_columns_a
D:3:      minivault_27
D:4:      temple_pool_a, serial_bayou_pond_b
D:5:      basic_altar, cheibrodos_ashenzari_chains

Skill      XL: |  1  2  3  4  5 |
---------------+----------------+-----
Axes           | 3 4 |  4.5
Throwing       | 2 |  2.0
Dodging        | 3 |  3.6
Armour         | 1 |  1.4
Stealth        | 1 |  1.2
Fighting       | |  2.7

Action                   |  1- 3 |  4- 6 || total
-------------------------+-------+-------++-------
Melee: War axe           |   114 |    98 ||   212
  Use: Scroll            |       |     9 ||     9
       Potion            |       |     3 ||     3
 Stab: Distracted        |       |     1 ||     1
       Sleeping          |       |     1 ||     1
  Eat: Bread ration      |     2 |     1 ||     3
Armor: Leather armour    |     5 |    19 ||    24
       Ring mail         |    38 |     6 ||    44
Dodge: Dodged            |   110 |    68 ||   178
